 Dungeon Crawl Stone Soup version 0.26-a0-455-g0958c023ba (webtiles) character file.

Game seed: 229724787883710037

23 gruber the Ruffian (level 2, -3/23 HPs)
             Began as a Draconian Transmuter on July 28, 2020.
             Slain by a worm (9 damage)
             ... on level 2 of the Dungeon.
             The game lasted 00:01:00 (1497 turns).

gruber the Ruffian (Draconian Transmuter)           Turns: 1497, Time: 00:01:00

Health: -3/23      AC:  4    Str: 12    XL:     2   Next: 72%
Magic:  4/5        EV: 12    Int: 13    God:
Gold:   45         SH:  0    Dex: 11    Spells: 2/5 levels left

rFire    . . .     SeeInvis .     - Unarmed
rCold    . . .     Faith    .   (shield currently unavailable)
rNeg     . . .     Spirit   .   (armour unavailable)
rPois    .         Reflect  .   (helmet currently unavailable)
rElec    .         Harm     .   (cloak currently unavailable)
rCorr    .                      (gloves currently unavailable)
MR       .....                  (boots currently unavailable)
Stlth    +.........             (no amulet)
HPRegen  0.07/turn              (no ring)
MPRegen  0.09/turn              (no ring)

@: appendages (expiring)
A: unfitting armour, horns 2, talons 2, cold-blooded, AC +4
a: End Transformation


You were on level 2 of the Dungeon.
You had grown temporary horns.
You had grown temporary talons.
You visited 1 branch of the dungeon, and saw 2 of its levels.

You collected 45 gold pieces.

Inventory:

Missiles
 b - 3 javelins (quivered)
Scrolls
 a - 3 scrolls of identify {unknown}
 c - a scroll of magic mapping {unknown}
 e - 2 scrolls of remove curse {unknown}
Potions
 d - 2 potions of might {unknown}
 f - a potion of lignification {unknown}
 g - a potion of flight {unknown}


   Skills:
 - Level 1.1 Fighting
 - Level 1.7 Dodging
 + Level 4.0 Unarmed Combat
 - Level 2.0 Spellcasting
 + Level 2.0 Transmutations


You had 2 spell levels left.
You knew the following spells:

 Your Spells              Type           Power        Failure   Level
a - Beastly Appendage     Tmut           #.....       11%         1
b - Wereblood             Tmut           #.......     17%         2

Your spell library contained the following spells:

 Spells                   Type           Power        Failure   Level
 Spider Form              Tmut/Pois      #.........   45%         3
 Ice Form                 Ice/Tmut       #.......     86%         4
 Blade Hands              Tmut           #.........   97%         5


Dungeon Overview and Level Annotations

Branches:
Dungeon (2/15)

Altars:


Innate Abilities, Weirdness & Mutations

Your plain brown scales are hard. (AC +4)
You cannot fit into any form of body armour.
You are cold-blooded and may be slowed by cold attacks.
You have a pair of horns on your head.
You have razor-sharp toenails.


Message History

The worm is moderately wounded.
You barely miss the worm. You claw the worm.
The worm is heavily wounded.
The worm bites you!
* * * LOW HITPOINT WARNING * * *
You are too injured to fight recklessly!
You are too injured to fight recklessly!
You are too injured to fight recklessly!
You are too injured to fight recklessly!
You are too injured to fight recklessly!
You are too injured to fight recklessly!
You are too injured to fight recklessly!
You are too injured to fight recklessly!
You hit the worm. You claw the worm.
The worm is almost dead.
You barely miss the worm.
You tail-slap the worm, but do no damage.
The worm is almost dead.
The worm bites you!
You die...

#.#...##.#........##.#
#......#.#^#.#.##.##.#
##...........#.##.##.###
##.#)..#######.........#
#......[..# ###..####.#
#.........# #..####.#
#.........######....##.#
####..........##.##.##.#
####...@......##.##.##.#
#......w......##.......#
#.###.#..)....#####.####
#.# #.#.......# #......#
#.# ..#.......# #.#.##.#
#.##.##.......###.#.##.#
#.##.##.##.#..).....##.#
#..........#.###.(.###.#
####.#####<....#..(###.#


You could see a worm.

Vanquished Creatures
  3 giant cockroaches (D:1)
  5 goblins (D:1)
  3 hobgoblins
  A quokka (D:2)
  2 bats
  3 frilled lizards (D:1)
  2 kobolds
  3 rats (D:1)
22 creatures vanquished.

Notes
Turn   | Place    | Note
-------+----------+-------------------------------------------
     0 | D:1      | gruber the Draconian Transmuter began the quest for the
                  | Orb.
     0 | D:1      | Reached XP level 1. HP: 16/16 MP: 3/3
   355 | D:1      | Reached XP level 2. HP: 23/23 MP: 5/5
  1018 | D:2      | Learned a level 2 spell: Wereblood
  1033 | D:2      | Reached skill level 4 in Unarmed Combat
  1497 | D:2      | Slain by a worm

Illustrated notes

Levels and vault maps discovered:
D:1:      wander_arrival_estate, layout_basic
D:2:      layout_loops_cross

Skill      XL: |  1  2 |
---------------+-------+-----
Unarmed Combat | 4 |  4.0
Fighting       | |  1.1
Dodging        | |  1.7
Spellcasting   | |  2.0
Transmutations | |  2.0

Action                   || total
-------------------------++-------
Melee: Unarmed           ||    83
       Kick              ||     3
       Tailslap          ||     6
       Punch             ||     1
 Cast: Beastly Appendage ||     2
 Stab: Distracted        ||     1
       Sleeping          ||     2
Armor: Skin              ||    20
Dodge: Dodged            ||    32

Table legend: (Time is in decaauts)
 A = Elapsed time spent in this place.
 B = Non-inter-level travel time spent in this place.
 C = Inter-level travel time spent in this place.
 D = Time resting spent in this place.
 E = Time spent auto-exploring this place.
 F = Levels seen in this place.
 G = Mean time per level.
                   A        B        C        D        E       F      G
               +--------+--------+--------+--------+--------+-----+--------+
         Total |   1492 |   1419 |     73 |    179 |   1054 |   2 |  746.0 |
       Dungeon |   1492 |   1419 |     73 |    179 |   1054 |   2 |  746.0 |
               +--------+--------+--------+--------+--------+-----+--------+

Top non-repeatable levels by time:
     D:1: 1237 daAuts
     D:2: 254 daAuts
